 Seeded DCSS version 0.30-a0-860-g512cf1e979 (webtiles) character file.

Game seed: 6377672650045367187 (custom seed)

96442 bmack86 the Severer (level 15, -6/131 (138) HPs)
             Began as a Minotaur Fighter on Mar 8, 2023.
             Was the Champion of Okawaru.
             Mangled by an orc warrior
             ... wielding a +0 glaive
              (14 damage)
             ... on level 2 of the Orcish Mines.
             The game lasted 01:09:01 (17424 turns).

bmack86 the Severer (Minotaur Fighter)             Turns: 17424, Time: 01:09:01

HP:   -6/131 (138)  AC: 36    Str: 28    XL:     15   Next: 69%
MP:   21/21         EV:  8    Int:  7    God:    Okawaru [******]
Gold: 2967          SH:  0    Dex: 18    Spells: 14/14 levels left

rFire   . . .      SeeInvis .    e - +8 battleaxe of Untruth {vamp, Will++ Dex+5}
rCold   + . .      Faith    .    (shield currently unavailable)
rNeg    . . .      Spirit   .    a - +9 plate armour "Laesiss" {rElec Int+2 Stlth-}
rPois   .          Reflect  .    (helmet restricted)
rElec   +          Rampage  .    M - +0 cloak
rCorr   .                        N - +0 pair of gloves
Will    +++++                    C - +2 pair of boots Stlth
                                 B - amulet of the Ancients {rC+ Will++ Regen+ Dex+3 Stlth-}
HPRegen 1.21/turn                p - +4 ring of protection
MPRegen 0.17/turn                G - ring of willpower

@: drained
A: horns 2, retaliatory headbutt
a: Renounce Religion, Heroism, Finesse, Duel


You were on level 2 of the Orcish Mines.
You worshipped Okawaru.
Okawaru was exalted by your worship.
You visited 4 branches of the dungeon, and saw 23 of its levels.
You visited the Abyss 1 time.

You collected 2967 gold pieces.

Inventory:

Hand Weapons
 e - the +8 battleaxe of Untruth (weapon) {vamp, Will++ Dex+5}
   (You acquired it on level 1 of the Dungeon)

   Dex:       It affects your dexterity (+5).
   Will:      It greatly increases your willpower.
 l - a +4 broad axe of freezing
 L - a +3 broad axe
 V - a +2 war axe of flaming
Missiles
 c - 4 silver boomerangs
 k - 42 poisoned darts
 s - 5 throwing nets
 A - 15 boomerangs (quivered)
 Q - 6 curare-tipped darts
 U - 14 javelins
Armour
 a - the +9 plate armour "Laesiss" (worn) {rElec Int+2 Stlth-}
   (Okawaru gifted it to you on level 13 of the Dungeon)

   Int:       It affects your intelligence (+2).
   rElec:     It insulates you from electricity.
   Stlth:     It makes you less stealthy.
 o - the +0 plate armour of Loeh {rPois rF+ Regen+}
   (Okawaru gifted it to you on level 14 of the Dungeon)

   rF:        It protects you from fire.
   rPois:     It protects you from poison.
   Regen:     It increases your rate of health regeneration.
 q - a +0 tower shield
 C - a +2 pair of boots (worn)
 I - the -1 cloak "Gep Ist" {Fly Will- Str+7}
   (Okawaru gifted it to you on level 2 of the Lair of Beasts)

   Str:       It affects your strength (+7).
   Fly:       It grants you flight.
   Will:      It decreases your willpower.
 M - a +0 cloak (worn)
 N - a +0 pair of gloves (worn)
 W - the +3 hat of Pondering {ponderous, Will+ MP+10 Int+5}
   (You took it off Gastronok on level 11 of the Dungeon)

   Int:       It affects your intelligence (+5).
   MP:        It affects your magic capacity (+10).
   Will:      It increases your willpower.
Jewellery
 b - a ring of fire
 p - a +4 ring of protection (left hand)
 r - the amulet of the Histrionic God {Faith Drain rElec rC++}
   (You found it on level 12 of the Dungeon)

   [amulet of faith]

   It allows you to gain divine favour quickly.
   rC:        It greatly protects you from cold.
   rElec:     It insulates you from electricity.
   Drain:     It drains your maximum health when unequipped.
 v - an amulet of reflection
 y - a ring of resist corrosion
 B - the amulet of the Ancients (around neck) {rC+ Will++ Regen+ Dex+3 Stlth-}
   (You found it on level 6 of the Dungeon)

   [amulet of regeneration]

   Dex:       It affects your dexterity (+3).
   rC:        It protects you from cold.
   Regen:     It increases your rate of health regeneration.
   Will:      It greatly increases your willpower.
   Stlth:     It makes you less stealthy.
 G - a ring of willpower (right hand)
 H - a ring of willpower
 J - a +6 ring of strength
Wands
 t - a wand of paralysis (7)
 K - a wand of digging (15)
Scrolls
 g - a scroll of blinking
 i - 9 scrolls of teleportation
 n - 6 scrolls of fog
 u - a scroll of amnesia
 E - a scroll of fear
 P - a scroll of magic mapping
 T - a scroll of silence
Potions
 d - 4 potions of might
 f - 6 potions of curing
 h - 9 potions of heal wounds
 j - 6 potions of flight
 m - a potion of resistance
 w - 2 potions of magic
 x - 2 potions of brilliance
 z - 3 potions of berserk rage
 D - a potion of haste
 F - 8 potions of ambrosia
 O - 2 potions of invisibility
 R - a potion of cancellation


   Skills:
 + Level 14.0 Fighting
 * Level 18.8 Axes
 - Level 10.0 Throwing
 + Level 13.9 Armour
 + Level 14.0 Shields
 + Level 10.1 Invocations


You had 14 spell levels left.
You didn't know any spells.
Your spell library contained the following spells:

 Spells                   Type           Power      Damage    Failure   Level
 Sandblast                Erth           0%         2d4       96%         1
 Passwall                 Tmut/Erth      0%         N/A       99%         2
 Ozocubu's Armour         Ice            0%         N/A       100%        3
 Portal Projectile        Hex/Tloc       0%         N/A       100%        3
 Stone Arrow              Conj/Erth      0%         3d7       100%        3
 Leda's Liquefaction      Hex/Erth       0%         N/A       100%        4
 Blade Hands              Tmut           0%         N/A       100%        5
 Borgnjor's Vile Clutch   Necr/Erth      0%         N/A       100%        5
 Lee's Rapid Deconstruct  Erth           0%         3d4*      100%        5
 Metabolic Englaciation   Hex/Ice        0%         N/A       100%        5
 Iron Shot                Conj/Erth      0%         9d1       100%        6
 Statue Form              Tmut/Erth      0%         N/A       100%        6
 Lehudib's Crystal Spear  Conj/Erth      0%         10d2      100%        8
 Tukima's Dance           Hex            Unusable   N/A       N/A         3
 Animate Armour           Summ/Erth      Unusable   N/A       N/A         4
 Animate Dead             Necr           Unusable   N/A       N/A         4
 Death Channel            Necr           Unusable   N/A       N/A         6
 Simulacrum               Ice/Necr       Unusable   N/A       N/A         6

Dungeon Overview and Level Annotations

Branches:
Dungeon (15/15)            Temple (1/1) D:7            Lair (5/5) D:11
 Shoals (0/4) Lair:2        Snake (0/4) Lair:2        Slime (0/5) Lair:4
    Orc (2/2) D:12            Elf (0/3) Orc:2        Vaults (0/5) D:13
 Depths (0/4) D:15

Altars:
Ashenzari
Dithmenos
Elyvilon
Fedhas
Hepliaklqana
Makhleb
Nemelex Xobeh
Okawaru
Qazlal
Ru
Sif Muna
Uskayaw
Vehumet
Wu Jian
Xom
Yredelemnul
Zin
The Shining One
Jiyva
Lugonu

Shops:
D:6 *   D:9 *

Portals:
Abyss: Lair:5


Innate Abilities, Weirdness & Mutations

You have a pair of horns on your head.
You reflexively headbutt those who attack you in melee.


Message History

The orc warrior goes into a battle-frenzy!
An orc warrior comes into view. It is wielding a +0 glaive.
An orc warrior comes into view. It is wielding a +0 arbalest.
The orc warrior unwields a +0 arbalest.
The orc warrior wields a +0 battleaxe.
The orc warrior hits you but does no damage.
You hear a shout!
The centaur unwields a +0 shortbow.
The centaur hits you but does no damage.
The centaur closely misses you.
The orc warrior hits you with a +3 halberd!
The orc warrior jeers loudly.
The orc warrior unwields a +0 arbalest.
The orc warrior wields a +0 glaive.
The orc warrior hits you with a +0 glaive.
The orc knight hits you with a +0 broad axe!!
The orc warrior hits you but does no damage.
Things that are here:
a +0 glaive; a +0 arbalest The centaur attacks as you move away!
The centaur barely misses you.
The centaur kicks you but does no damage.
The orc knight attacks as you move away!
The orc knight hits you with a +0 broad axe!!
An orc warrior comes into view. It is wielding a +0 arbalest.
The orc warrior shouts!
The orc warrior no longer looks unusually strong.
The centaur wields a +0 shortbow.
The centaur shoots an arrow.
The arrow hits you but does no damage.
The centaur shoots an arrow.
The arrow hits you but does no damage.
The orc warrior hits you with a +3 halberd.
An orc warrior comes into view. It is wielding a +0 war axe.
The orc knight unwields a +0 arbalest.
The orc knight wields a +0 glaive.
The orc knight hits you with a +0 glaive!
* * * LOW HITPOINT WARNING * * *
The orc knight unwields a +0 broad axe.
The orc knight wields a +0 arbalest.
The orc knight shoots a bolt.
The bolt hits you!
* * * LOW HITPOINT WARNING * * *
The centaur shoots an arrow.
The arrow hits you but does no damage.
The orc warrior hits you with a +0 battleaxe!
* * * LOW HITPOINT WARNING * * *
The orc warrior hits you with a +0 glaive!
You die...

### ##............
.........
#......................
#...##..##..##...
#..##.)........≈≈
#..#...)).....≈≈≈
#..^....)...≈≈≈≈#
#..#..))c.≈≈≈≈#
#..#...co≈≈≈≈####
#.......)@ooo..o.
#......oooo.o...o
#..#.....≈≈≈≈####
#..#......≈≈≈≈#
#...........≈≈≈≈
..#..........≈≈≈
#..##..........≈≈ #.
##..##..##...


You could see 2 orc knights, 9 orc warriors and 2 centaurs.

Vanquished Creatures
  A bone dragon (Abyss:2)
  A hellephant (D:15)
  A tentacled starspawn (Abyss:2)
  Gastronok (D:11)
  A stone giant (D:15)
  An ettin (Orc:1)
  Snorg (Lair:3)
  A vault guard (D:13)
  A death knight (Abyss:2)
  3 hydras (Lair:5)
  A two-headed ogre (D:11)
  2 boulder beetles
  3 centaur warriors
  Urug (Orc:2)
  3 hell hogs
  3 thrashing horrors
  A skyshark (Lair:5)
  A wretched star (Abyss:2)
  Sonja (Orc:1)
  A hell knight (D:15)
  A sixfirhy (Abyss:2)
  A fire crab (Lair:3)
  Amaemon (D:8)
  An orb spider (Abyss:2)
  2 deep trolls (D:15)
  4 wizards
  14 ugly things
  4 orc knights
  A deep elf pyromancer (D:14)
  A salamander (shapeshifter) (Lair:5)
  An orc sorcerer (Orc:2)
  3 manticores (D:14)
  A wolf spider (D:15)
  3 cyclopes
  17 elephants
  A worldbinder (Abyss:2)
  3 black mambas
  6 smoke demons
  2 orange demons
  A guardian serpent (shapeshifter) (D:15)
  A torpor snail (Lair:5)
  10 cane toads
  A gargoyle (D:14)
  An unseen horror (D:11)
  A freezing wraith (D:14)
  An efreet (D:15)
  2 kobold demonologists
  3 rime drakes
  The ghost of Newt the Skirmisher, a novice KoHu (D:5)
  2 ancient zymes (Lair:5)
  9 komodo dragons
  5 yaktaurs
  A queen bee (shapeshifter) (D:14)
  2 hornets
  2 polar bears (Lair:3)
  A queen bee (Lair:2)
  7 trolls
  5 large abominations
  A meliai (shapeshifter) (Lair:5)
  2 hellwings (Abyss:2)
  6 dream sheep (Lair:5)
  31 blink frogs
  A raiju (Abyss:2)
  11 small abominations
  2 spriggans (Lair:5)
  A jumping spider (shapeshifter) (Lair:5)
  19 humans (D:13)
  4 wraiths
  A ynoxinul (Lair:5)
  6 slime creatures (D:14)
  40 yaks
  4 basilisks
  6 wyverns
  A golden eye (Abyss:2)
  3 starcursed masses (Abyss:2)
  A neqoxec (Abyss:2)
  A steam dragon (D:10)
  A chaos spawn (Abyss:2)
  Edmund (D:4)
  2 wargs
  3 nagas (Lair:2)
  4 vampire mosquitoes
  An acid dragon (D:12)
  13 water moccasins
  11 hell hounds (D:15)
  30 orc warriors
  5 black bears
  4 ice beasts
  A sky beast (D:8)
  A wolf (shapeshifter) (D:15)
  14 wolves
  5 ogres
  14 centaurs
  5 kobold brigands
  13 bullfrogs
  3 gnoll sergeants
  4 scorpions
  A hornet simulacrum (D:15)
  4 wights (D:8)
  38 killer bees
  An electric eel (Lair:2)
  4 howler monkeys
  A lava snake (D:9)
  2 hounds
  7 jellies
  15 orc priests
  5 gnoll boudas
  24 orc wizards
  3 iguanas
  7 hell rats (Lair:4)
  21 gnolls
  11 adders
  4 shadow imps
  A white imp (D:6)
  3 ufetubi
  A worm (D:2)
  2 dart slugs (D:3)
  73 orcs
  4 bats (D:3)
  4 endoplasms
  A giant cockroach (D:2)
  7 goblins
  5 hobgoblins
  5 jackals
  15 kobolds
  3 quokkas
  7 ball pythons
  2 frilled lizards (D:3)
  6 rats
  A spectral orc (D:10)
  A starspawn tentacle (Abyss:2)
717 creatures vanquished.

Vanquished Creatures (others)
  An orc wizard (Orc:2)
  59 fungi
  A lurking horror (Abyss:2)
  47 plants
  2 starspawn tentacles (Abyss:2)
110 creatures vanquished.

Grand Total: 827 creatures vanquished

Notes
Turn   | Place    | Note
-------+----------+-------------------------------------------
     0 | D:1      | bmack86 the Minotaur Fighter began the quest for the Orb.
     0 | D:1      | Reached XP level 1. HP: 19/19 MP: 0/0
   292 | D:1      | Identified a scroll of acquirement
   292 | D:1      | Acquired the +8 battleaxe of Untruth {vamp, Will++ Dex+5}
   302 | D:1      | Reached XP level 2. HP: 27/27 MP: 1/1
   346 | D:1      | Reached skill level 3 in Axes
  1037 | D:2      | Reached XP level 3. HP: 31/33 MP: 2/2
  1530 | D:3      | Found a faded altar of an unknown god.
  1907 | D:4      | Reached skill level 4 in Axes
  1907 | D:4      | Reached skill level 1 in Throwing
  1907 | D:4      | Reached XP level 4. HP: 38/40 MP: 3/3
  1942 | D:4      | Noticed a scorpion
  1949 | D:4      | Killed a scorpion
  1950 | D:4      | Reached XP level 5. HP: 44/47 MP: 4/4
  2026 | D:4      | Found a glowing golden altar of the Shining One.
  2072 | D:4      | Noticed Edmund
  2079 | D:4      | Killed Edmund
  2080 | D:4      | Reached skill level 5 in Axes
  2080 | D:4      | Reached XP level 6. HP: 55/55 MP: 5/5
  2474 | D:5      | Entered Level 5 of the Dungeon
  2480 | D:5      | Reached skill level 5 in Fighting
  2480 | D:5      | Reached skill level 5 in Armour
  2480 | D:5      | Reached skill level 5 in Shields
  2480 | D:5      | Reached XP level 7. HP: 60/61 MP: 6/6
  2488 | D:5      | Reached skill level 6 in Axes
  2994 | D:5      | Found a large runed translucent door.
  2995 | D:5      | Found a large runed translucent door.
  2998 | D:5      | Noticed Newt's ghost (novice KoHu)
  3103 | D:5      | Killed Newt's ghost
  3104 | D:5      | Reached skill level 7 in Axes
  3104 | D:5      | Reached XP level 8. HP: 68/70 MP: 7/7
  3406 | D:6      | Found Zuegiv's General Store.
  3487 | D:6      | Reached skill level 8 in Axes
  3542 | D:6      | Identified the amulet of the Ancients {rC+ Will++ Regen+
                  | Dex+3 Stlth-}
  3680 | D:6      | Reached XP level 9. HP: 78/78 MP: 8/8
  3856 | D:6      | Reached skill level 9 in Axes
  4100 | D:7      | Identified the +7 spear of Penynacu {holy, *Noise Fly rC+
                  | Dex+5}
  4373 | D:7      | Reached skill level 5 in Throwing
  4449 | D:7      | Found a staircase to the Ecumenical Temple.
  4458 | Temple   | Entered the Ecumenical Temple
  4471 | Temple   | Became a worshipper of Warmaster Okawaru
  4714 | D:7      | Found a glowing silver altar of Zin.
  4963 | D:8      | Identified the +2 robe "Negif" {Dex+2}
  5270 | D:8      | Noticed Amaemon
  5286 | D:8      | Reached skill level 10 in Axes
  5286 | D:8      | Reached skill level 1 in Invocations
  5291 | D:8      | Noticed an orange demon
  5292 | D:8      | Killed Amaemon
  5298 | D:8      | Killed an orange demon
  5298 | D:8      | Reached * piety under Okawaru
  5299 | D:8      | Reached XP level 10. HP: 55/88 MP: 8/10
  5835 | D:9      | Reached ** piety under Okawaru
  5921 | D:9      | Noticed a sun demon
  5945 | D:9      | Found Maoxue's Lightly-Used Armoury.
  5970 | D:9      | Found a blossoming altar of Fedhas.
  6028 | D:9      | Reached skill level 11 in Axes
  6186 | D:9      | Reached *** piety under Okawaru
  6418 | D:10     | Entered Level 10 of the Dungeon
  6498 | D:10     | Found a basalt altar of Yredelemnul.
  6902 | D:10     | Received a gift from Okawaru
  6904 | D:10     | Found an ornate altar of the Wu Jian Council.
  6904 | D:10     | Found a faded altar of an unknown god.
  6922 | D:10     | Found a stormy altar of Qazlal.
  6925 | D:10     | Found a sacrificial altar of Ru.
  6927 | D:10     | Found a broken altar of Ashenzari.
  7290 | D:11     | Reached XP level 11. HP: 94/97 MP: 12/12
  7327 | D:11     | Reached **** piety under Okawaru
  7332 | D:11     | Reached skill level 12 in Axes
  7348 | D:11     | Noticed Gastronok
  7357 | D:11     | Killed Gastronok
  7357 | D:11     | Reached ***** piety under Okawaru
  7397 | D:11     | Received a gift from Okawaru
  7410 | D:11     | Found a staircase to the Lair.
  7670 | D:11     | Identified the +0 leather armour of the Ecumenical Temple
                  | {MP-9 Str+3 Int+2}
  7715 | D:11     | Noticed a two-headed ogre
  7721 | D:11     | Killed a two-headed ogre
  7722 | D:11     | Reached skill level 5 in Invocations
  7993 | D:12     | Reached skill level 13 in Axes
  8099 | D:12     | Noticed an orc knight
  8107 | D:12     | Found a staircase to the Orcish Mines.
  8122 | D:12     | Killed an orc knight
  8218 | D:12     | Identified the amulet of the Histrionic God {Faith Drain
                  | rElec rC++}
  8308 | D:12     | Noticed a brown ugly thing
  8314 | D:12     | Killed a brown ugly thing
  8314 | D:12     | Received a gift from Okawaru
  8315 | D:12     | Reached skill level 10 in Fighting
  8315 | D:12     | Reached skill level 10 in Shields
  8627 | D:13     | Reached XP level 12. HP: 104/106 MP: 15/15
  8733 | D:13     | Reached skill level 10 in Armour
  8762 | D:13     | Reached ****** piety under Okawaru
  8816 | D:13     | Found a gate to the Vaults.
  8816 | D:13     | Noticed a vault guard
  8829 | D:13     | Killed a vault guard
  8832 | D:13     | Received a gift from Okawaru
  9078 | D:13     | Identified the +9 plate armour "Laesiss" {rElec Int+2
                  | Stlth-} (Okawaru gifted it to you on level 13 of the
                  | Dungeon)
  9078 | D:13     | Received a gift from Okawaru
  9079 | D:13     | Reached skill level 14 in Axes
  9509 | D:14     | Noticed a centaur warrior
  9518 | D:14     | Killed a centaur warrior
  9670 | D:14     | Noticed a centaur warrior
  9676 | D:14     | Killed a centaur warrior
  9677 | D:14     | Reached XP level 13. HP: 67/110 MP: 17/17
  9889 | D:14     | Identified the +0 plate armour of Loeh {rPois rF+ Regen+}
                  | (Okawaru gifted it to you on level 14 of the Dungeon)
  9889 | D:14     | Received a gift from Okawaru
  9899 | D:14     | Reached skill level 15 in Axes
 10157 | D:15     | Entered Level 15 of the Dungeon
 10302 | D:15     | Found a huge runed gate.
 10302 | D:15     | Found a huge runed gate.
 10302 | D:15     | Found a huge runed gate.
 10302 | D:15     | Found a huge runed gate.
 10302 | D:15     | Found a huge runed gate.
 10302 | D:15     | Found a huge runed gate.
 10302 | D:15     | Found a huge runed gate.
 10302 | D:15     | Found a huge runed gate.
 10302 | D:15     | Found a huge runed gate.
 10303 | D:15     | Found a huge runed gate.
 10313 | D:15     | Noticed a hellephant
 10515 | D:15     | Found a staircase to the Depths.
 10521 | D:15     | Noticed a stone giant
 10530 | D:15     | Killed a stone giant
 10670 | D:15     | Killed a hellephant
 10976 | D:15     | Identified the +6 bardiche of Baleful Prudence {freeze,
                  | rF+} (Okawaru gifted it to you on level 15 of the Dungeon)
 10976 | D:15     | Received a gift from Okawaru
 11294 | Lair:1   | Entered Level 1 of the Lair of Beasts
 11328 | Lair:1   | Reached skill level 16 in Axes
 11442 | Lair:1   | Reached XP level 14. HP: 118/126 MP: 19/19
 12269 | Lair:2   | Identified the -1 cloak "Gep Ist" {Fly Will- Str+7}
                  | (Okawaru gifted it to you on level 2 of the Lair of Beasts)
 12269 | Lair:2   | Received a gift from Okawaru
 12360 | Lair:2   | Found a staircase to the Shoals.
 12409 | Lair:2   | Found a staircase to the Snake Pit.
 12656 | Lair:2   | Acquired 601 gold pieces
 12999 | Lair:3   | Reached skill level 10 in Throwing
 13150 | Lair:3   | Noticed Snorg
 13162 | Lair:3   | Killed Snorg
 13370 | Lair:4   | You fall into a shaft and drop 1 floor!
 13370 | Lair:5   | Entered Level 5 of the Lair of Beasts
 13668 | Lair:5   | Reached skill level 17 in Axes
 14027 | Lair:5   | Received a gift from Okawaru
 14407 | Abyss:2  | Cast into level 2 of the Abyss (spriggan)
 14674 | Abyss:2  | Reached XP level 15. HP: 136/136 MP: 20/20
 14732 | Abyss:2  | Noticed a tentacled starspawn
 14741 | Abyss:2  | Killed a tentacled starspawn
 14778 | Abyss:2  | Noticed a bone dragon
 14800 | Abyss:2  | Killed a bone dragon
 14801 | Abyss:2  | Reached skill level 18 in Axes
 14848 | Lair:5   | Escaped the Abyss
 14993 | Lair:5   | Identified the +4 mace of Rotation {chaos, *Corrode Will++}
 15057 | Lair:5   | Identified the +0 kite shield of Greed {+Blink rN+ Str+2}
                  | (Okawaru gifted it to you on level 5 of the Lair of Beasts)
 15057 | Lair:5   | Received a gift from Okawaru
 15265 | Lair:5   | Found a corrupted altar of Lugonu.
 15265 | Lair:5   | Found a one-way gate to the infinite horrors of the Abyss.
 15881 | Lair:4   | Found a staircase to the Slime Pits.
 15881 | Lair:4   | Found a viscous altar of Jiyva.
 16095 | Lair:4   | Found the amulet of the Air {Inacc Air Fly rElec RMsl}
 16559 | Orc:1    | Entered Level 1 of the Orcish Mines
 16559 | Orc:1    | Noticed Sonja
 16570 | Orc:1    | HP: 3/137 [poisoned by Sonja (curare-tipped dart)]
 16575 | Orc:1    | Killed Sonja
 16945 | Orc:2    | Entered Level 2 of the Orcish Mines
 16945 | Orc:2    | Noticed Urug
 16945 | Orc:2    | Found a staircase to the Elven Halls.
 16959 | Orc:2    | Reached skill level 10 in Invocations
 16963 | Orc:2    | Killed Urug
 17424 | Orc:2    | Mangled by an orc warrior

Illustrated notes

Levels and vault maps discovered:
D:1:      scummos_arrival_hexagon, layout_loops_corners, minmay_pentomino_v4
D:2:      layout_rooms
D:3:      layout_basic, ebering_ecumenical_altar_ruins,
          kennysheep_generic_room_3
D:4:      layout_rooms, lemuel_tele_altar, uniq_edmund
D:5:      layout_rooms, ebering_ghost_disaster_area
D:6:      minmay_clustersquares, layout_basic, serial_shops, shop
D:7:      layout_basic, zin_scriptorium, temple_hall, minmay_stone_trees_small
D:8:      layout_loops_ring, uniq_amaemon
D:9:      layout_irregular_city, fedhas_altar_2, minmay_shop_damaged,
          kennysheep_opposing_triangles
D:10:     layout_loops_ring, yredelemnul_forgotten_temple_becter,
          chequers_temple_overflow_minitemple
D:11:     layout_roguey, due_lair_maze_entry_diamond, uniq_gastronok
D:12:     layout_long_grid, david_orc_5
D:13:     layout_irregular_city, grunt_vaults_entry_tiered
D:14:     layout_loops_cross
D:15:     hangedman_depths_entry_civil_slaughter, layout_irregular_city,
          not_door_vault_due
Temple:   nicolae_temple_bog_church
Lair:1:   layout_cave_pods
Lair:2:   layout_hall_layers, minmay_shoals_entry_centaurs,
          minmay_snake_entry_guardpost_small, special_room [special_room_bee],
          chequers_serial_rivers_large_a, infiniplex_staircase_pool
Lair:3:   layout_long_grid, uniq_snorg
Lair:4:   layout_misc_corridors, nicolae_slime_entry_field_trip
Lair:5:   hellmonk_lair_end_abyssal_woods, layout_layer_cave
Orc:1:    layout_caves, uniq_sonja
Orc:2:    st_orc_rangers, layout_diamond_mine, uniq_urug

Skill      XL: |  1  2  3  4  5  6  7  8  9 10 11 12 13 14 15 |
---------------+----------------------------------------------+-----
Axes           | 3 4 5 7 8 10 11 13 14 16 17 18 | 18.8
Armour         | 4 5 6 7 8 9 11 12 13 | 13.9
Shields        | 4 5 6 8 10 11 12 13 14 | 14.0
Fighting       | 4 5 6 7 9 10 11 12 13 14 | 14.0
Throwing       | 1 2 3 4 5 6 7 8 9 10 | 10.0
Invocations    | 2 3 5 6 8 9 10 | 10.1

Action                     |  1- 3 |  4- 6 |  7- 9 | 10-12 | 13-15 || total
---------------------------+-------+-------+-------+-------+-------++-------
  Melee: War axe           |    10 |       |       |       |       ||    10
         Battleaxe         |    43 |    33 |   182 |   362 |   783 ||  1403
         Headbutt          |     4 |     5 |    33 |    78 |   217 ||   337
         Hand axe          |       |       |       |       |    20 ||    20
  Throw: Boomerang         |       |       |     1 |       |     8 ||     9
 Invoke: Heroism           |       |       |       |     3 |     2 ||     5
         Finesse           |       |       |       |     1 |     2 ||     3
  Evoke: Wand              |       |       |     1 |       |       ||     1
    Use: Scroll            |     5 |     1 |     8 |    17 |     9 ||    40
         Potion            |       |       |       |       |     4 ||     4
   Stab: Sleeping          |     2 |     2 |     2 |       |       ||     6
         Distracted        |       |       |       |     1 |       ||     1
 Armour: Scale mail        |     4 |       |       |       |       ||     4
         Shadow dragon sca |    34 |    35 |   179 |   282 |       ||   530
         Plate armour      |       |       |       |    92 |  1054 ||  1146
  Dodge: Dodged            |    34 |    15 |    87 |   192 |   450 ||   778
  Block: Buckler           |     3 |       |       |       |       ||     3

Table legend: (Time is in decaauts)
 A = Elapsed time spent in this place.
 B = Non-inter-level travel time spent in this place.
 C = Inter-level travel time spent in this place.
 D = Time resting spent in this place.
 E = Time spent auto-exploring this place.
 F = Levels seen in this place.
 G = Mean time per level.
                   A        B        C        D        E       F      G
               +--------+--------+--------+--------+--------+-----+--------+
         Total |  17441 |  16679 |    762 |    429 |  10178 |  24 |  726.7 |
       Dungeon |  11420 |  10870 |    550 |    312 |   7207 |  15 |  761.3 |
        Temple |     28 |     17 |     11 |      0 |      0 |   1 |   28.0 |
          Lair |   4702 |   4502 |    200 |     31 |   2479 |   5 |  940.4 |
  Orcish Mines |    865 |    865 |      0 |     86 |    380 |   2 |  432.5 |
         Abyss |    423 |    423 |      0 |      0 |    111 |   1 |  423.0 |
               +--------+--------+--------+--------+--------+-----+--------+

Top non-repeatable levels by time:
  Lair:5: 2000 daAuts
    D:14: 999 daAuts
     D:6: 926 daAuts
    D:15: 908 daAuts
  Lair:1: 882 daAuts
     D:7: 869 daAuts
     D:1: 852 daAuts
    D:10: 813 daAuts
     D:9: 797 daAuts
    D:13: 779 daAuts
    D:12: 738 daAuts
     D:5: 695 daAuts
     D:8: 692 daAuts
    D:11: 688 daAuts
  Lair:2: 669 daAuts
